 Dungeon Crawl Stone Soup version 0.25-a0-949-gdd2af9e06e (webtiles) character file.

Game seed: 15326191598025306994, levelgen mode: deterministic

64 Flugslaktarn the Shield-Bearer (level 4, -9/37 HPs)
             Began as a Formicid Fighter on May 8, 2020.
             Killed by divine providence
             ... invoked by an orc priest
              (12 damage)
             ... on level 3 of the Dungeon.
             The game lasted 00:00:38 (1768 turns).

Flugslaktarn the Shield-Bearer (Formicid Fighter)   Turns: 1768, Time: 00:00:39

Health: -9/37      AC:  7    Str: 21    XL:     4   Next: 32%
Magic:  4/4        EV:  8    Int:  8    God:
Gold:   161        SH:  9    Dex: 10    Spells: 3/3 levels left

rFire    + . .     SeeInvis +   a - +0 war axe
rCold    + . .     Gourm    .   c - +0 kite shield
rNeg     . . .     Faith    .   b - +0 scale mail
rPois    .         Spirit   .   (helmet unavailable)
rElec    .         Reflect  .   q - scarf {rC+ rF+}
rCorr    .         Harm     .   (no gloves)
MR       .....                  (no boots)
Stlth    ..........             (no amulet)
HPRegen  0.12/turn              (no ring)
MPRegen  0.09/turn              (no ring)

@: lethally poisoned (-9 -> -10)
A: permanent stasis, dig shafts and tunnels, four strong arms, antennae 3
a: Dig, Shaft Self


You were on level 3 of the Dungeon.
You were not hungry.

You visited 1 branch of the dungeon, and saw 3 of its levels.

You collected 161 gold pieces.

Inventory:

Hand Weapons
 a - a +0 war axe (weapon)
Armour
 b - a +0 scale mail (worn)
 c - a +0 kite shield (worn)
 q - a scarf of resistance (worn)
   (You found it on level 2 of the Dungeon)
Jewellery
 p - a cursed ring of teleportation {unknown}
   (You found it on level 2 of the Dungeon)
Scrolls
 f - a scroll of fog {unknown}
 g - a scroll of remove curse {unknown}
 j - 2 scrolls of identify {unknown}
 k - a scroll of magic mapping {unknown}
 m - a scroll of teleportation {unknown}
Potions
 d - 3 potions of might
 i - a potion of invisibility {unknown}
 l - a potion of cancellation {unknown}
 n - a potion of heal wounds {unknown}
Comestibles
 e - 8 rations
 o - 7 chunks of flesh


   Skills:
 + Level 3.7 Fighting
 * Level 3.1 Axes
 + Level 3.7 Armour
 + Level 4.1 Shields


You had 3 spell levels left.
You didn't know any spells.
Your spell library was empty.

Dungeon Overview and Level Annotations

Branches:
Dungeon (3/15)

Altars:


Innate Abilities, Weirdness & Mutations

You cannot be hasted, slowed, berserked, paralysed or teleported.
You can dig through walls and to a lower floor.
Your four strong arms can wield two-handed weapons with a shield.
You have a pair of large antennae on your head. (SInv)


Message History

Pain shoots through your body!
* * * LOW HITPOINT WARNING * * *
You are too injured to fight recklessly!
You are too injured to fight recklessly!
You are too injured to fight recklessly!
You are too injured to fight recklessly!
You are too injured to fight recklessly!
You are too injured to fight recklessly!
You are too injured to fight recklessly!
You are too injured to fight recklessly!
You are too injured to fight recklessly!
You are too injured to fight recklessly!
You are too injured to fight recklessly!
Unknown command.
It was a potion of haste.
Your stasis prevents you from being hasted.
The orc closely misses you.
The orc priest invokes the aid of Beogh against you.
Beogh smites you!
You die...

#.# #.#### #.##..
#.##.# #.##.# #.##.#
##########.##o#####.#
#............@ow....#
#.########.##.#######
#.# #.##.# ####.#
#.##.. .....##
#.##### ###.#(## #.#
##.###.######.# #.##
##.......#
##.###.########


You could see an orc priest, a dart slug and an orc.

Vanquished Creatures
  2 adders (D:2)
  An ooze (D:2)
  2 worms (D:2)
  A dart slug (D:2)
  4 orcs (D:3)
  A giant cockroach (D:2)
  2 goblins
  2 hobgoblins
  A quokka (D:2)
  A ball python (D:2)
  3 bats
  A frilled lizard (D:2)
  5 kobolds
  8 rats
34 creatures vanquished.

Notes
Turn   | Place    | Note
-------+----------+-------------------------------------------
     0 | D:1      | Flugslaktarn the Formicid Fighter began the quest for the
                  | Orb.
     0 | D:1      | Reached XP level 1. HP: 18/18 MP: 1/1
   869 | D:2      | Reached XP level 2. HP: 16/24 MP: 2/2
  1290 | D:2      | Reached XP level 3. HP: 26/29 MP: 3/3
  1407 | D:2      | Reached skill level 4 in Shields
  1676 | D:2      | Reached XP level 4. HP: 36/37 MP: 4/4
  1768 | D:3      | Killed from afar by an orc priest

Levels and vault maps discovered:
D:1:      dpeg_arrival_three_same_balls, layout_loops_ring
D:2:      layout_basic
D:3:      layout_loops_ring

Skill      XL: |  1  2  3 |
---------------+----------+-----
Shields        | 4 |  4.1
Axes           | 3 |  3.1
Fighting       | |  3.7
Armour         | |  3.7

Action                   |  1- 3 |  4- 6 || total
-------------------------+-------+-------++-------
Melee: War axe           |    71 |    21 ||    92
  Use: Potion            |       |     1 ||     1
  Eat: Chunk             |     2 |     1 ||     3
Armor: Scale mail        |    20 |     4 ||    24
Dodge: Dodged            |    22 |     6 ||    28
Block: Kite shield       |    28 |    11 ||    39

Table legend:
 A = Non-vault XP
 B = Vault XP
 C = Vault XP percentage of total XP
 D = Non-vault monster count
 E = Vault monster count
 F = Vault count percentage of total count
                 A         B        C        D         E       F
            +---------+---------+-------+---------+---------+-------
      Total |      92 |       0 |   0.0 |      34 |       0 |   0.0
            +---------+---------+-------+---------+---------+-------
        D:1 |       7 |       0 |   0.0 |       5 |       0 |   0.0
        D:2 |      68 |       0 |   0.0 |      22 |       0 |   0.0
        D:3 |      17 |       0 |   0.0 |       7 |       0 |   0.0
            +---------+---------+-------+---------+---------+-------
